 Dungeon Crawl Stone Soup version 0.14-a0-2340-g8df0fbc (webtiles) character file.

8138 UltraLongJohn the Basher (level 11, -1/74 HPs)
             Began as a Formicid Fighter on Jan 29, 2014.
             Was a High Priest of Okawaru.
             Slain by a black mamba (7 damage)
             ... on Level 1 of the Lair of Beasts on Jan 30, 2014.
             The game lasted 00:49:09 (11968 turns).

UltraLongJohn the Basher (Formicid Fighter)        Turns: 11968, Time: 00:49:10

HP  -1/74        AC 16     Str 25      XL: 11   Next: 69%
MP  19/19        EV  6     Int  7      God: Okawaru [*****.]
Gold 422         SH 23     Dex 10      Spells:  0 memorised, 10 levels left

rFire  + + +     SeeInvis +     k - +2,+3 eveningstar (venom)
rCold  + . .     Clarity  .     f - +0 chain mail
rNeg   . . .     Conserve +     c - +1 shield
rPois  .         rCorr    .     (helmet unavailable)
rElec  +         rRot     .     j - +0 dwarf cloak
SustAb . .       Spirit   .     t - +0 pair of gloves
rMut   .         Warding  .     u - +0 pair of boots
Saprov . . .     Stasis   +     w - amulet of conservation
MR     +....                    p - ring of protection from fire
                                z - ring of protection from fire

@: quite poisoned, somewhat resistant to hostile enchantments, extremely
unstealthy
A: permanent stasis, dig shafts and tunnels, four strong arms, poison weakness,
antennae 3, exoskeleton 1
a: Dig, Shaft Self, Heroism, Renounce Religion


You were on level 1 of the Lair of Beasts.
You worshipped Okawaru.
Okawaru was extremely pleased with you.
You were not hungry.

You visited 3 branches of the dungeon, and saw 13 of its levels.

You collected 604 gold pieces.
You spent 182 gold pieces at shops.

Inventory:

Hand weapons
 a - a +1,+0 hand axe
 k - a +2,+3 eveningstar of venom (weapon)
Armour
 c - a +1 shield (worn)
 f - a +0 chain mail (worn)
 j - a +0 dwarven cloak (worn)
 t - a +0 pair of gloves (worn)
 u - a +0 pair of boots (worn)
Magical devices
 l - a wand of polymorph (3)
 m - a wand of flame (8)
 n - a wand of enslavement (13)
 q - a wand of magic darts (10)
 y - a wand of fire (3)
 A - a wand of draining (5)
 C - a wand of confusion (6)
 D - a wand of frost (8)
 H - a wand of lightning (3)
 L - a wand of paralysis (19) {unknown}
 M - a wand of digging (9)
Comestibles
 b - a meat ration
 d - 2 bread rations
 K - 2 rotting chunks of sheep flesh
Scrolls
 e - 7 scrolls of identify
 g - 5 scrolls of magic mapping
 h - 3 scrolls of blinking
 x - 3 scrolls of fear
 B - a scroll of recharging
 I - 2 scrolls of fog
 N - a scroll of acquirement {unknown}
Jewellery
 i - an uncursed amulet of rage
 p - a ring of protection from fire (right hand)
 r - a +2 ring of dexterity
 w - an amulet of conservation (around neck)
 z - a ring of protection from fire (left hand)
 J - an uncursed ring of magical power {unknown}
Potions
 o - 3 potions of restore abilities
 s - a potion of curing
 F - a potion of invisibility {unknown}
Books
 v - a book of Control

   Spells                             Type                      Level
   Control Teleport                   Charms/Translocation         4
   Control Undead                     Necromancy                   4
   Enslavement                        Hexes                        4
   Mass Confusion                     Hexes                        6
   Metabolic Englaciation             Hexes/Ice                    6


   Skills:
 + Level 6.4 Fighting
 - Level 3.1 Axes
 + Level 10.0 Maces & Flails
 + Level 8.6 Armour
 + Level 6.0 Dodging
 + Level 2.9 Stealth
 + Level 7.3 Shields
 - Level 4.8 Invocations


You had 10 spell levels left.
You didn't know any spells.

Dungeon Overview and Level Annotations

Branches:
Dungeon (10/16)            Temple (1/1) D:4            Lair (2/8) D:10
    Orc: D:9-12

Altars:
Ashenzari
Cheibriados
Dithmengos
Elyvilon
Fedhas
Kikubaaqudgha
Makhleb
Nemelex Xobeh
Okawaru
Sif Muna
Trog
Vehumet
Xom
Yredelemnul
Zin
The Shining One

Shops:
D:4 *   D:7 (


Innate Abilities, Weirdness & Mutations

Your are under a permanent stasis effect.
You can dig through walls and to a lower floor.
Your four strong arms can wield any weapon, most with a shield.
You are susceptible to poison.
You have a pair of large antennae on your head (SInv).
Your body is surrounded by an exoskeleton. (AC +1)


Message History

You feel better. The black mamba bites you!
* * * LOW HITPOINT WARNING * * *
You are poisoned.
The black mamba poisons you!
Drink which item? (? for menu, Esc to quit)
You feel protected.
* * * LOW HITPOINT WARNING * * *
You feel sick. You block the black mamba's attack.
You block the black mamba's attack.
Your shield and chain mail prevent you from hitting the black mamba.
The black mamba is heavily wounded.
* * * LOW HITPOINT WARNING * * *
You feel sick. You block the black mamba's attack. The black mamba bites you!
* * * LOW HITPOINT WARNING * * *
You are more poisoned.
The black mamba poisons you!
Your shield and chain mail prevent you from hitting the black mamba.
The black mamba is heavily wounded.
The black mamba bites you!
You die...

♣♣.##♣♣# #..## ♣♣♣♣♣♣♣#
#..# ♣.♣.♣♣.## #.##
.♣♣P♣...# ####..####
♣.♣♣..♣'## #........#
♣♣....P..# #####........#
.♣...♣♣..###...........##
....♣♣♣..##..###.......#
...♣P♣♣...#..##S@......##
...♣♣♣...'.)f###........#
...P♣....##### #.......##
..♣♣♣#..## #.#####.##
♣♣PP♣##.# ## #..#
P♣♣♣P♣♣.# ###.##
♣♣♣♣#P♣.# ###...# P♣♣
+#♣.P #...### ≈♣##{####
##.##.####


You could see a black mamba.

Vanquished Creatures
  A hill giant (D:10)
  A fire drake (D:10)
  2 komodo dragons (Lair:1)
  A troll (D:10)
  A shark (Lair:1)
  9 yaks
  A wyvern (D:5)
  A hungry ghost (D:8)
  2 hippogriffs (D:8)
  A steam dragon (D:9)
  Menkaure (D:5)
  2 porcupines (Lair:1)
  2 black bears
  A phantom (D:5)
  A crocodile (D:10)
  A sky beast (D:6)
  8 ogres
  2 centaurs
  2 big kobolds
  Duvessa (D:5)
  A giant slug (Lair:1)
  5 giant frogs
  A water moccasin (D:10)
  A wyvern skeleton (D:8)
  5 wights (D:8)
  2 troll zombies (D:7)
  A yak skeleton (D:10)
  Dowan (D:5)
  8 crimson imps
  A jelly (D:5)
  5 hounds
  2 orc priests
  3 orc wizards
  5 iguanas
  A scorpion (D:9)
  7 worker ants
  A killer bee zombie (D:6)
  7 sheep (Lair:1)
  A crocodile zombie (D:9)
  10 adders
  6 gnolls
  An orc zombie (D:10)
  A gnoll skeleton (D:9)
  10 green rats (Lair:1)
  A giant mite (D:10)
  6 worms
  An adder skeleton (D:5)
  An ooze (D:2)
  26 orcs
  5 ball pythons
  18 bats
  A bat skeleton (D:6)
  A bat zombie (D:5)
  6 giant cockroaches
  9 goblins
  14 hobgoblins
  13 jackals
  16 kobolds
  9 giant geckos
  7 giant newts
  3 orc skeletons
  4 quokkas
  18 rats
  2 plants (Lair:1)
288 creatures vanquished.

Notes
Turn   | Place    | Note
--------------------------------------------------------------
     0 | D:1      | UltraLongJohn, the Formicid Fighter, began the quest for the Orb.
     0 | D:1      | Reached XP level 1. HP: 16/16 MP: 1/1
    45 | D:1      | Reached XP level 2. HP: 18/21 MP: 2/2
    46 | D:1      | Reached skill level 4 in Armour
   261 | D:1      | Reached XP level 3. HP: 26/26 MP: 3/3
  1061 | D:2      | Found a shadowy altar of Dithmengos.
  1274 | D:2      | Reached skill level 1 in Dodging
  1274 | D:2      | Reached XP level 4. HP: 25/31 MP: 4/4
  1839 | D:3      | Reached XP level 5. HP: 31/36 MP: 5/5
  2300 | D:3      | Reached skill level 1 in Stealth
  3015 | D:4      | Reached skill level 5 in Armour
  3015 | D:4      | Reached XP level 6. HP: 28/42 MP: 6/6
  3144 | D:4      | Found a sparkling altar of Nemelex Xobeh.
  3198 | D:4      | Noticed an ogre
  3217 | D:4      | Killed an ogre
  3441 | D:4      | Reached XP level 7. HP: 15/46 MP: 7/7
  3715 | D:4      | Found a staircase to the Ecumenical Temple.
  3731 | Temple   | Entered the Ecumenical Temple
  3874 | Temple   | Became a worshipper of Warmaster Okawaru
  4071 | D:4      | Found Umaisiam's Assorted Antiques.
  4074 | D:4      | Bought a glowing eveningstar for 182 gold pieces
  4259 | D:4      | Reached skill level 1 in Maces & Flails
  4664 | D:5      | Entered Level 5 of the Dungeon
  4762 | D:5      | HP: 2/46 [poison (a potion of poison)]
  5024 | D:5      | Noticed a wyvern
  5028 | D:5      | Killed a wyvern
  5028 | D:5      | Reached skill level 6 in Armour
  5028 | D:5      | Reached XP level 8. HP: 45/52 MP: 8/8
  5156 | D:5      | Noticed Menkaure
  5199 | D:5      | Noticed Dowan
  5201 | D:5      | Killed Menkaure
  5201 | D:5      | Acquired Okawaru's first power
  5202 | D:5      | Noticed Duvessa
  5228 | D:5      | Killed Duvessa
  5271 | D:5      | Killed Dowan
  5567 | D:5      | Reached skill level 5 in Shields
  5795 | D:5      | Found a blossoming altar of Fedhas.
  5861 | D:5      | Reached XP level 9. HP: 56/58 MP: 9/9
  5878 | D:5      | Reached skill level 5 in Maces & Flails
  5990 | D:5      | Reached skill level 7 in Armour
  7583 | D:7      | Found Guakiapt's Antique Weapon Shop.
  7685 | D:7      | Reached XP level 10. HP: 63/65 MP: 8/10
  7690 | D:7      | Reached skill level 5 in Fighting
  8207 | D:8      | Reached skill level 8 in Maces & Flails
  8493 | D:8      | Reached skill level 5 in Dodging
  9043 | D:9      | Found a snail-covered altar of Cheibriados.
  9141 | D:9      | Found a basalt altar of Yredelemnul.
  9144 | D:9      | Found a burning altar of Makhleb.
  9147 | D:9      | Found an ancient bone altar of Kikubaaqudgha.
  9150 | D:9      | Found a glowing silver altar of Zin.
  9228 | D:9      | Reached skill level 1 in Invocations
  9437 | D:10     | Entered Level 10 of the Dungeon
  9478 | D:10     | Noticed a hill giant
  9482 | D:10     | Reached skill level 9 in Maces & Flails
  9512 | D:10     | Killed a hill giant
  9512 | D:10     | Reached XP level 11. HP: 43/72 MP: 12/15
  9649 | D:10     | Upgraded the game from 0.14-a0-2327-g5ff15cf to 0.14-a0-2340-g8df0fbc
  9882 | D:10     | Found a snail-covered altar of Cheibriados.
  9926 | D:10     | Found a staircase to the Lair.
 10120 | Lair:1   | Entered Level 1 of the Lair of Beasts
 10978 | Lair:1   | Acquired Okawaru's second power
 11455 | Lair:1   | Reached skill level 10 in Maces & Flails
 11968 | Lair:1   | Slain by a black mamba

Action                   |  1- 3 |  4- 6 |  7- 9 | 10-12 || total
-------------------------+-------+-------+-------+-------++-------
Melee: Hand axe          |   122 |   221 |    35 |       ||   378
       Eveningstar       |       |       |   231 |   398 ||   629
       Unarmed           |       |       |     8 |       ||     8
Invok: Heroism           |       |       |     1 |     5 ||     6
Evoke: Wand              |       |       |     1 |     6 ||     7
  Use: Potion            |     2 |     2 |     5 |     6 ||    15
       Scroll            |       |    10 |     6 |     7 ||    23
